 Dungeon Crawl Stone Soup version 0.19.1-1-g22dce08 (webtiles) character file.

1194 KingCrawl the Destroyer (level 8, -7/52 HPs)
             Began as a Demonspawn Conjurer on Dec 30, 2016.
             Was a Follower of Vehumet.
             Killed by an exploding fulminant prism (21 damage)
             ... created by the player character
             ... on level 5 of the Dungeon on Jan 1, 2017.
             The game lasted 00:26:14 (4459 turns).

KingCrawl the Destroyer (Demonspawn Conjurer)       Turns: 4459, Time: 00:26:15

Health: -7/52      AC:  6    Str: 12    XL:     8   Next: 20%
Magic:  2/12       EV: 12    Int: 18    God:    Vehumet [*.....]
Gold:   216        SH:  4    Dex: 13    Spells: 4 memorised, 1 level left

rFire  + . .     SeeInvis .     y - +4 war axe
rCold  x . .     Gourm    .     a - +1 robe
rNeg   . . .     Faith    .     (no shield)
rPois  .         Spirit   .     (no helmet)
rElec  .         Reflect  .     (no cloak)
rCorr  .         Harm     .     (no gloves)
MR     .....                    l - +2 pair of boots {Fly}
Stlth  ++........               z - amulet of rage
                                n - +2 ring of strength
                                m - ring of fire

@: flying
A: claws 2, large bone plates 1, spiny 1, rot immunity
a: Renounce Religion, Evoke Berserk Rage, Stop Flying


You were on level 5 of the Dungeon.
You worshipped Vehumet.
Vehumet was aware of your devotion.
You were very hungry.

You visited 2 branches of the dungeon, and saw 6 of its levels.

You collected 216 gold pieces.

Inventory:

Hand Weapons
 y - a +4 war axe (weapon)
Armour
 a - a +1 robe (worn)
 l - a +2 pair of boots of flying (worn)
Rods
 e - a -3 rod of ignition (6/12) (quivered)
   (You found it on level 4 of the Dungeon)
Jewellery
 m - a ring of fire (left claw)
 n - a +2 ring of strength (right claw)
 z - an amulet of rage (around neck)
Wands
 o - a wand of disintegration (2/24)
 r - a wand of polymorph (10/24)
Scrolls
 d - a scroll of remove curse
 p - 3 scrolls of identify
Potions
 g - a potion of invisibility
 k - a potion of haste {unknown}
 q - a potion of curing {unknown}
 u - a potion of lignification {unknown}
 v - a potion of agility {unknown}
 w - a potion of might {unknown}
 A - a potion of resistance
Books
 b - a book of Conjurations

   Spells                             Type                      Level
   a - Magic Dart                     Conjuration                  1
   b - Searing Ray                    Conjuration                  2
   c - Dazzling Spray                 Conjuration/Hexes            3
   d - Fulminant Prism                Conjuration/Hexes            4
   e - Iskenderun's Mystic Blast      Conjuration                  4
   f - Iskenderun's Battlesphere      Conjuration/Charms           5
 f - a book of Callings

   Spells                             Type                      Level
   a - Summon Small Mammal            Summoning                    1
   b - Call Imp                       Summoning                    2
   c - Call Canine Familiar           Summoning                    3
   d - Summon Guardian Golem          Hexes/Summoning              3
   e - Summon Lightning Spire         Summoning/Air                4
   f - Summon Ice Beast               Ice/Summoning                4
Comestibles
 c - 2 bread rations
 B - a meat ration


   Skills:
 - Level 1.7 Dodging
 - Level 1.7 Stealth
 - Level 3.0 Spellcasting
 - Level 9.0 Conjurations
 + Level 4.4 Charms


You had one spell level left.
You knew the following spells:

 Your Spells              Type           Power        Failure   Level  Hunger
a - Magic Dart            Conj           ####         1%          1    None
b - Searing Ray           Conj           #####.       1%          2    ##.....
c - Fulminant Prism       Conj/Hex       ###.......   28%         4    ####...
d - Iskenderun's Battles  Conj/Chrm      ####....     34%         5    ######.


Dungeon Overview and Level Annotations

Branches:
Dungeon (5/15)             Temple (1/1) D:4

Altars:
Ashenzari
Cheibriados
Dithmenos
Fedhas
Gozag
Hepliaklqana
Kikubaaqudgha
Makhleb
Nemelex Xobeh
Okawaru
Qazlal
Ru
Sif Muna
Trog
Vehumet
Xom
Yredelemnul
Zin
The Shining One


Innate Abilities, Weirdness & Mutations

You have very sharp fingernails.
You are partially covered in large bone plates. (SH +4)
You are partially covered in sharp spines.
You are immune to rotting.


Message History

Confirm with . or Enter, or press ? or * to list all spells.
You can't see any susceptible monsters within range! (Use Z to cast anyway.)
Casting: Fulminant Prism
Confirm with . or Enter, or press ? or * to list all spells.
You can't see any susceptible monsters within range! (Use Z to cast anyway.) Unknown command.
The ogre hits your fulminant prism with a giant club!!
Your fulminant prism detonates feebly.
Casting: Fulminant Prism
Confirm with . or Enter, or press ? or * to list all spells.
Aiming: Fulminant Prism
Press: ? - help, Dir - move target cursor You conjure a prism of explosive energy!
Your fulminant prism crackles loudly.
There is a stone staircase leading up, spattered with blood here.
Your fulminant prism explodes!
The blast of energy engulfs the ogre.
The ogre is almost dead.
The blast of energy engulfs you!
You die...

......<......
#...........#
...........#
#####........(.######
....................##
#..................##
.####...................#
.............O[†........#
#..##..........@........#
#......................#
####...................#
#..................##
#...#........P....##
#...####..♣PPP...## #####
#.........# ##.......##
##)....##


You could see an ogre.

Vanquished Creatures
  Grinder (D:4)
  Prince Ribbit (D:5)
  Sigmund (D:2)
  Menkaure (D:4)
  An ogre (D:4)
  A scorpion (D:5)
  A crimson imp (D:5)
  3 hounds (D:4)
  An iguana (D:4)
  Natasha (D:4)
  An orc wizard (D:5)
  2 worker ants
  3 adders
  An ooze (D:4)
  2 worms
  5 dart slugs
  A leopard gecko (D:2)
  6 orcs
  2 ball pythons
  9 bats
  7 giant cockroaches
  10 hobgoblins
  8 kobolds
  6 frilled lizards
  8 goblins
  4 rats
87 creatures vanquished.

Vanquished Creatures (others)
  A fulminant prism (D:5)
1 creature vanquished.

Grand Total: 88 creatures vanquished

Notes
Turn   | Place    | Note
-------+----------+-------------------------------------------
     0 | D:1      | KingCrawl the Demonspawn Conjurer began the quest for the Orb.
     0 | D:1      | Reached XP level 1. HP: 13/13 MP: 3/3
   428 | D:1      | Gained mutation: You have sharp fingernails. [demonic ancestry]
   428 | D:1      | Reached XP level 2. HP: 16/19 MP: 1/5
  1335 | D:2      | Reached XP level 3. HP: 18/24 MP: 0/7
  1390 | D:2      | Learned a level 2 spell: Searing Ray
  1502 | D:2      | Found an opulent altar of Gozag.
  1579 | D:2      | Noticed Sigmund
  1636 | D:2      | Killed Sigmund
  1636 | D:2      | Reached skill level 6 in Conjurations
  1636 | D:2      | Gained mutation: You are immune to rotting. [demonic ancestry]
  1636 | D:2      | Reached XP level 4. HP: 15/30 MP: 1/8
  1636 | D:2      | Gained mutation: You are partially covered in large bone plates. (SH +4) [demonic ancestry]
  1636 | D:2      | Reached XP level 5. HP: 18/35 MP: 1/9
  2593 | D:3      | Gained mutation: You are partially covered in sharp spines. [demonic ancestry]
  2593 | D:3      | Reached XP level 6. HP: 41/41 MP: 3/10
  2820 | D:3      | Found a radiant altar of Vehumet.
  2828 | D:3      | Reached skill level 7 in Conjurations
  2830 | D:3      | Became a worshipper of Vehumet
  3207 | D:4      | Found a staircase to the Ecumenical Temple.
  3216 | Temple   | Entered the Ecumenical Temple
  3395 | D:4      | Found an iron altar of Okawaru.
  3716 | D:4      | Noticed Grinder
  3728 | D:4      | Killed Grinder
  3728 | D:4      | Reached skill level 8 in Conjurations
  3728 | D:4      | Reached XP level 7. HP: 42/46 MP: 0/11
  3798 | D:4      | Identified a -3 rod of ignition (12/12) (You found it on level 4 of the Dungeon)
  3808 | D:4      | Noticed Menkaure
  3810 | D:4      | Killed Menkaure
  3810 | D:4      | Reached skill level 9 in Conjurations
  3816 | D:4      | Learned a level 4 spell: Fulminant Prism
  3822 | D:4      | Learned a level 5 spell: Iskenderun's Battlesphere
  3982 | D:4      | Reached skill level 1 in Charms
  4161 | D:4      | Noticed Natasha
  4165 | D:4      | Killed Natasha
  4295 | D:5      | Entered Level 5 of the Dungeon
  4339 | D:5      | Reached * piety under Vehumet
  4339 | D:5      | Offered knowledge of Sting by Vehumet.
  4343 | D:5      | Noticed Prince Ribbit
  4361 | D:5      | Gained mutation: You have very sharp fingernails. [demonic ancestry]
  4361 | D:5      | Reached XP level 8. HP: 14/52 MP: 3/12
  4450 | D:5      | Killed Prince Ribbit
  4459 | D:5      | Killed by an exploding fulminant prism

Skill      XL: |  1  2  3  4  5  6  7  8 |
---------------+-------------------------+-----
Spellcasting   | 3 |  3.0
Conjurations   | 6 8 9 |  9.0
Charms         | 3 4 |  4.4
Dodging        | |  1.7
Stealth        | |  1.7

Action                   |  1- 3 |  4- 6 |  7- 9 || total
-------------------------+-------+-------+-------++-------
Melee: Unarmed           |    10 |       |       ||    10
       Short sword       |    22 |     3 |       ||    25
       War axe           |       |     6 |     8 ||    14
 Cast: Magic Dart        |    67 |    86 |    29 ||   182
       Searing Ray       |     1 |     2 |     4 ||     7
       Fulminant Prism   |       |       |     2 ||     2
Evoke: Wand              |       |     1 |     6 ||     7
       Rod               |       |       |     2 ||     2
  Use: Scroll            |       |     9 |     1 ||    10
       Potion            |       |     1 |       ||     1
 Stab: Sleeping          |     1 |       |       ||     1
  Eat: Chunk             |     2 |     3 |     2 ||     7
       Bread ration      |       |     1 |       ||     1
Armor: Robe              |    15 |     4 |     3 ||    22
Dodge: Dodged            |    50 |    17 |    11 ||    78
Block: Other             |       |     6 |     2 ||     8
